 Dungeon Crawl Stone Soup version 0.26.1-11-gd32895ea62 (webtiles) character file.

Game seed: 6846094553762408956

126 Descartes the Ducker (level 4, 0/19 HPs)
             Began as a Felid Transmuter on June 30, 2021.
             Slain by a worker ant (7 damage)
             ... on level 4 of the Dungeon.
             The game lasted 00:05:41 (4670 turns).

Descartes the Ducker (Felid Transmuter)             Turns: 4670, Time: 00:05:42

Health: 0/19       AC:  1    Str:  7    XL:     4   Next: 84%
Magic:  7/8        EV: 20    Int: 14    God:
Gold:   211        SH:  0    Dex: 16    Spells: 4/7 levels left
                                        Lives:  0   Deaths: 1

rFire    . . .     SeeInvis +     - Unarmed
rCold    . . .     Faith    .   (shield unavailable)
rNeg     . . .     Spirit   .   (armour unavailable)
rPois    .         Reflect  .   (helmet unavailable)
rElec    .         Harm     .   (cloak unavailable)
rCorr    .         Rampage  .   (gloves unavailable)
Will     .....                  (boots unavailable)
Stlth    ++........             (no amulet)
HPRegen  0.06/turn              (no ring)
MPRegen  0.11/turn              (no ring)

@: appendages, quick
A: very small, no armour, no weapons or thrown items, stealth, claws 1, fangs 3,
horns 2, see invisible, speed 1, shaggy fur 1, sharp paws
a: End Transformation


You were on level 4 of the Dungeon.
You had grown temporary horns.
You visited 1 branch of the dungeon, and saw 4 of its levels.

You collected 211 gold pieces.

Inventory:

Missiles
 c - 129 stones
Scrolls
 a - 5 scrolls of enchant armour {unknown}
 b - 3 scrolls of immolation {unknown}
 d - 5 scrolls of identify {unknown}
 g - 5 scrolls of remove curse {unknown}
 h - 2 scrolls of magic mapping {unknown}
 l - a scroll of fear {unknown}
 m - 4 scrolls of teleportation {unknown}
Potions
 e - 4 potions of mutation {unknown}
 f - 2 potions of haste {unknown}
 i - a potion of cancellation {unknown}
 j - 2 potions of heal wounds {unknown}
 k - 2 potions of might {unknown}
 n - a potion of invisibility {unknown}
 o - a potion of berserk rage {unknown}
 p - 2 potions of flight {unknown}
 q - a potion of attraction {unknown}


   Skills:
 - Level 1.0 Fighting
 * Level 4.5 Dodging
 + Level 2.1 Stealth
 * Level 4.1 Unarmed Combat
 - Level 2.0 Spellcasting
 * Level 3.9 Transmutations


You had 4 spell levels left.
You knew the following spells:

 Your Spells              Type           Power        Failure   Level
a - Beastly Appendage     Tmut           24%          4%          1
b - Wereblood             Tmut           12%          7%          2

Your spell library contained the following spells:

 Spells                   Type           Power        Failure   Level
 Spider Form              Tmut/Pois      3%           32%         3
 Ice Form                 Ice/Tmut       6%           71%         4
 Blade Hands              Tmut           6%           78%         5


Dungeon Overview and Level Annotations

Branches:
Dungeon (4/15)
 Temple: D:4-7

Altars:
Cheibriados
Uskayaw
Wu Jian


Innate Abilities, Weirdness & Mutations

You cannot wear armour.
You are incapable of wielding weapons or throwing items.
Your paws allow you to move quietly. (Stealth)
You have sharp claws.
You have razor-sharp teeth.
You have supernaturally acute eyesight. (SInv)
You cover ground quickly.
You are covered in fur. (AC +1)
Your sharp claws are effective at attacking unaware monsters.
You have a pair of horns on your head.


Message History

You barely miss the bullfrog skeleton.
The bullfrog skeleton is severely damaged.
The bullfrog skeleton completely misses you.
You scratch the bullfrog skeleton.
The bullfrog skeleton is almost destroyed.
The bullfrog skeleton completely misses you.
You barely miss the bullfrog skeleton. You bite the bullfrog skeleton.
The bullfrog skeleton is almost destroyed.
The bullfrog skeleton misses you.
The bullfrog skeleton hits you but does no damage.
You barely miss the bullfrog skeleton. You headbutt the bullfrog skeleton.
You destroy the bullfrog skeleton!
You scratch the worker ant.
The worker ant is moderately wounded.
Your horns disappear.
The worker ant bites you.
Casting: Beastly Appendage (safe; 4% risk of failure)
Confirm with . or Enter, or press ? or * to list all spells.
You grow a pair of large bovine horns.
The worker ant bites you!
You die...

### #.. # ..
....####### ..#
###.
......B@..###.##...
##..#####......#.#
# ##.......###.#
###......##....#
.###....<.........#
...................
....[..............
........##.##......
.#...##.##.##......


You could see a worker ant.

Vanquished Creatures
  A hound (D:3)
  A bullfrog skeleton (D:4)
  A hound skeleton (D:2)
  An adder (D:3)
  3 worms
  4 dart slugs
  3 leopard geckos
  4 orcs (D:3)
  4 ball pythons
  8 bats
  3 giant cockroaches
  11 goblins
  7 hobgoblins
  4 jackals (D:3)
  A quokka (D:3)
  3 frilled lizards
  A jackal skeleton (D:3)
  8 kobolds
  5 rats
73 creatures vanquished.

Notes
Turn   | Place    | Note
-------+----------+-------------------------------------------
     0 | D:1      | Descartes the Felid Transmuter began the quest for the Orb.
     0 | D:1      | Reached XP level 1. HP: 9/9 MP: 4/4
   260 | D:1      | Reached XP level 2. HP: 12/12 MP: 4/6
   340 | D:1      | Learned a level 2 spell: Wereblood
   943 | D:2      | Found an ornate altar of the Wu Jian Council.
  1101 | D:2      | Noticed a spectral centipede
  1101 | D:2      | Noticed a spectral black mamba
  1101 | D:2      | Noticed a spectral scorpion
  1101 | D:2      | Noticed a spectral cane toad
  1122 | D:2      | Found a snail-covered altar of Cheibriados.
  1125 | D:2      | Reached XP level 3. HP: 15/15 MP: 5/7
  1386 | D:2      | Reached skill level 1 in Stealth
  2368 | D:2      | Found a hide-covered altar of Uskayaw.
  2491 | D:3      | Reached XP level 4. HP: 19/19 MP: 5/8
  3428 | D:3      | Slain by a hound
  3429 | D:3      | Reached XP level 3. HP: 0/15 MP: 7/7
  3449 | D:3      | Reached XP level 4. HP: 7/19 MP: 5/8
  3784 | D:4      | Noticed a phantom
  4670 | D:4      | Slain by a worker ant

Illustrated notes

Levels and vault maps discovered:
D:1:      dpeg_arrival_water_temple_mockup, layout_rooms, minmay_split_cup_large
D:2:      layout_loops_ring, pdpol_wu_jian_five_deadly_venoms,
          cheibriados_altar_1, lemuel_doored_altar
D:3:      layout_basic, nicolae_overflow_hidden_temple
D:4:      layout_rooms, nicolae_gozag_seed_capital,
          minmay_temple_entry_overgrown, kennysheep_generic_room_13

Skill      XL: |  1  2  3  4 |
---------------+-------------+-----
Dodging        | 3 4 |  4.5
Stealth        | 1 2 |  2.1
Transmutations | 3 |  3.9
Unarmed Combat | 4 |  4.1
Fighting       | |  1.0
Spellcasting   | |  2.0

Action                   |  1- 3 |  4- 6 || total
-------------------------+-------+-------++-------
Melee: Unarmed           |   111 |   100 ||   211
       Headbutt          |    18 |    12 ||    30
       Bite              |    11 |     6 ||    17
       Punch             |     1 |     1 ||     2
 Cast: Beastly Appendage |    30 |    22 ||    52
       Wereblood         |     7 |    11 ||    18
 Stab: Sleeping          |     5 |       ||     5
Armor: Skin              |     5 |     8 ||    13
Dodge: Dodged            |    89 |    83 ||   172
